 Dungeon Crawl Stone Soup version 0.17.0-24-gcfadda4 (console) character file.

6 gw the Charlatan (level 1, -2/9 HPs)
             Began as a Vine Stalker Artificer on Nov 17, 2015.
             Slain by a gnoll
             ... wielding a +0 halberd
              (7 damage)
             ... on level 1 of the Dungeon.
             The game lasted 00:00:17 (293 turns).

gw the Charlatan (Vine Stalker Artificer)            Turns: 293, Time: 00:00:17

Health: -2/9       AC:  3    Str: 13    XL:     1   Next: 90%
Magic:  0/3        EV: 12    Int: 12    God:
Gold:   7          SH:  0    Dex: 14    Spells: 0 memorised, 0 levels left

rFire  . . .     SeeInvis .     a - +0 short sword
rCold  . . .     Clarity  .     b - +0 leather armour
rNeg   . . .     SustAt   .     (no shield)
rPois  .         Gourm    .     (no helmet)
rElec  .         Spirit   +     (no cloak)
rCorr  .         Warding  .     (no gloves)
rMut   .         Stasis   .     (no boots)
MR     .....                    (no amulet)
Stlth  ++........               (no ring)
                                (no ring)

@: not resistant to hostile enchantments, unstealthy
A: fangs 2, regeneration 1, magic shield, antimagic bite, no device heal 3, rot
immunity
a: no special abilities


You were on level 1 of the Dungeon.
You were not hungry.

You visited 1 branch of the dungeon, and saw 1 of its levels.

You collected 7 gold pieces.

Inventory:

Hand Weapons
 a - a +0 short sword (weapon)
Missiles
 g - 2 stones (quivered)
Armour
 b - a +0 leather armour (worn)
Wands
 c - a wand of flame (15)
 d - a wand of enslavement (14)
 e - a wand of random effects (15)
Scrolls
 i - a scroll of recharging {unknown}
 j - a scroll of teleportation {unknown}
Potions
 h - 2 potions of resistance {unknown}
Comestibles
 f - 2 bread rations


   Skills:
 + Level 0.8 Fighting
 * Level 1.3 Short Blades
 + Level 0.5 Throwing
 + Level 1.6 Dodging
 - Level 1.2 Stealth
 - Level 2.6 Evocations


You couldn't memorise any spells.
You didn't know any spells.

Dungeon Overview and Level Annotations

Branches:
Dungeon (1/15)

Altars:


Innate Abilities, Weirdness & Mutations

You have extremely sharp teeth.
Your natural rate of healing is unusually fast.
When hurt, damage is shared between your health and your magic reserves.
Your bite disrupts and absorbs the magic of your enemies.
Potions and wands cannot restore your health.
You are immune to rotting.


Message History

You kill the rat!
The bat closely misses you.
The gnoll hits you from afar with a halberd.
ATTACK MOVE TO (-1,0)
The bat closely misses you.
ATTACK MOVE TO (-1,1)
You barely miss the bat. Your bite misses the bat.
The bat is heavily wounded.
The bat hits you but does no damage.
The kobold throws a stone.
The stone misses you. The gnoll closely misses you.
Evoke which item? (* to show all) (? for menu, Esc to quit)
Zapping:
d - a wand of enslavement (15)
Press: ? - help, Shift-Dir - straight line, f - gnoll
Aim: a gnoll, wielding a halberd (chance to defeat MR: 60%)
The gnoll resists with significant effort.
This wand has 14 charges left.
The kobold throws a stone.
The stone hits you but does no damage. The bat hits you but does no damage.
The gnoll hits you from afar with a halberd!
Ouch! That really hurt!
You die...

############
#....(.....#
#..........#
+..........#
#####..........#
#..............#
#.......#####..#
#....bf.# ##.##
#......$# #..#
#....g..# ##.##
#.......# #..#
#.......#
###'######
#.......#
#.........
+....K..+
+.........
#.......#
#.........
#.........


You could see a gnoll, a bat and a kobold.

Table legend:
 A = Turns spent in this place as a percentage of turns spent in the entire game.
 B = Non-inter-level travel turns spent in this place as a percentage of non-inter-level travel turns spent in the entire game.
 C = Inter-level travel turns spent in this place as a percentage of turns spent in this place.
 D = Turns resting spent in this place as a percentage of non-inter-level travel turns spent in this place.
 E = Turns spent auto-exploring this place as a percentage of non-inter-level travel turns spent in this place.
 F = Non-inter-level travel turns spent in this place divided by the number of levels of this place that you've seen.
                   A       B       C       D       E      F
               +-------+-------+-------+-------+-------+----------------------
         Total | 100.0 | 100.0 |   0.0 |   1.6 |   2.3 | 387.0
       Dungeon | 100.0 | 100.0 |   0.0 |   1.6 |   2.3 | 387.0
               +-------+-------+-------+-------+-------+----------------------

Table legend:
 A = Kills in this place as a percentage of kills in entire the game.
 B = Kills by you in this place as a percentage of kills by you in the entire game.
 C = Kills by friends in this place as a percentage of kills by friends in the entire game.
 D = Other kills in this place as a percentage of other kills in the entire game.
 E = Experience gained in this place as a percentage of experience gained in the entire game.
 F = Experience gained in this place divided by the number of levels of this place that you have seen.
                   A       B       C       D       E      F
               +-------+-------+-------+-------+-------+----------------------
         Total | 100.0 | 100.0 |  -nan |  -nan | 100.0 |   9.0
       Dungeon | 100.0 | 100.0 |  -nan |  -nan | 100.0 |   9.0
               +-------+-------+-------+-------+-------+----------------------

Vanquished Creatures
  A giant gecko (D:1)
  A hobgoblin (D:1)
  A kobold (D:1)
  3 rats (D:1)
6 creatures vanquished.

Notes
Turn   | Place    | Note
--------------------------------------------------------------
     0 | D:1      | gw the Vine Stalker Artificer began the quest for the Orb.
     0 | D:1      | Reached XP level 1. HP: 9/9 MP: 3/3
    65 | D:1      | Reached skill level 1 in Short Blades
   293 | D:1      | Slain by a gnoll

Action                   || total
-------------------------++-------
Melee: Short sword       ||    24
Throw: Stone             ||     2
Evoke: Wand              ||     1

Vault maps used:
D:1:      dpeg_arrival_radiant
